 Dungeon Crawl Stone Soup version 0.30-a0-135-g630cfc4551 (webtiles) character file.

Game seed: 16582107967552398989

281135 ytrimaz the Slayer (level 19, -4/259 HPs)
             Began as a Demonspawn Gladiator on Sept 20, 2022.
             Was an Initiate of Gozag.
             Slain by Mennas
             ... wielding a +0 eudemon blade of holy wrath
              (9 damage)
             ... on level 2 of the Vaults on Sept 21, 2022.
             The game lasted 01:11:50 (48986 turns).

ytrimaz the Slayer (Demonspawn Gladiator)          Turns: 48986, Time: 01:11:50

Health: -4/259     AC: 37    Str: 16    XL:     19   Next: 70%
Magic:  0/17       EV:  2    Int: 10    God:    Gozag
Gold:   259        SH:  9    Dex: 25    Spells: 18/18 levels left

rFire   + . .      SeeInvis +    v - +7 triple sword of Wisdom {venom, rElec Dex+4 SInv}
rCold   + + .      Faith    .    (shield currently unavailable)
rNeg    . . .      Spirit   +    (body armour currently unavailable)
rPois   +          Reflect  +    (helmet currently unavailable)
rElec   +          Harm     .    (cloak currently unavailable)
rCorr   +          Rampage  .    (gloves currently unavailable)
Will    +....      Clarity  +    (boots currently unavailable)
Stlth   +......... NoTele   +    Z - amulet "Julorgh" {Reflect rElec rC+ Int-2 Dex+2 SH+5}
HPRegen 0.53/turn                b - ring of resist corrosion
MPRegen 0.30/turn                s - +4 ring of protection

@: mighty, tree-form, resistant, marked, on berserk cooldown, hasted and slowed,
glowing, silenced
A: stationary, stasis, torment immunity, boosted hp, (antennae 2), (large bone
plates 2), icemail 1, magic shield, magic regeneration, condensation shield,
clarity, low MP 1
}: 2/15 runes: decaying, gossamer
a: End Transformation, Renounce Religion


You were on level 2 of the Vaults.
You worshipped Gozag.
Gozag was aware of your devotion.
You were a tree.
You visited 7 branches of the dungeon, and saw 33 of its levels.
You visited the Abyss 2 times.

You collected 13825 gold pieces.
You spent 4003 gold pieces at shops.
You paid 9563 gold pieces to Gozag.


Innate Abilities, Weirdness & Mutations

You are a tree.
Your roots penetrate the ground, keeping you stationary.
You cannot be teleported.
You are immune to unholy pain and torment.
Your maximum health is greatly increased.
Your equipment is partially melded.
((You have a pair of antennae on your head.))
((You are mostly covered in large bone plates. (SH +6)))
A meltable icy envelope protects you from harm. (AC +4)
When hurt, damage is shared between your health and your magic reserves.
You regenerate magic rapidly.
A meltable shield of frost defends you. (SH +4)
You possess an exceptional clarity of mind.
Your magical capacity is low. (-10% MP)


   Skills:
 + Level 21.4 Fighting
 + Level 18.8 Long Blades
 - Level 6.3 Axes
 - Level 1.7 Throwing
 + Level 19.0 Armour
 - Level 2.6 Dodging


You had 18 spell levels left.
You didn't know any spells.
Your spell library contained the following spells:

 Spells                   Type           Power      Damage    Failure   Level
 Freeze                   Ice            0%         1d3       36%         1
 Shock                    Conj/Air       0%         1d3       36%         1
 Sting                    Tmut/Pois      0%         1d3       36%         1
 Summon Small Mammal      Summ           0%         N/A       36%         1
 Ensorcelled Hibernation  Hex/Ice        0%         N/A       50%         2
 Passwall                 Tmut/Erth      0%         N/A       50%         2
 Call Canine Familiar     Summ           0%         N/A       75%         3
 Frozen Ramparts          Ice            0%         1d1       75%         3
 Gell's Gravitas          Tloc           0%         N/A       75%         3
 Spider Form              Tmut/Pois      0%         N/A       75%         3
 Summon Guardian Golem    Hex/Summ       0%         N/A       75%         3
 Swiftness                Air            0%         N/A       75%         3
 Teleport Other           Tloc           0%         N/A       75%         3
 Anguish                  Hex/Necr       0%         N/A       98%         4
 Cause Fear               Hex            0%         N/A       98%         4
 Hailstorm                Conj/Ice       0%         3d3       98%         4
 Leda's Liquefaction      Hex/Erth       0%         N/A       98%         4
 Summon Ice Beast         Ice/Summ       0%         N/A       98%         4
 Summon Lightning Spire   Summ/Air       0%         N/A       98%         4
 Borgnjor's Vile Clutch   Necr/Erth      0%         N/A       100%        5
 Fireball                 Conj/Fire      0%         3d3       100%        5
 Freezing Cloud           Conj/Ice/Air   0%         6-21      100%        5
 Lee's Rapid Deconstruct  Erth           0%         3d5*      100%        5
 Summon Mana Viper        Hex/Summ       0%         N/A       100%        5
 Death Channel            Necr           0%         N/A       100%        6
 Dispersal                Tloc           0%         N/A       100%        6
 Eringya's Noxious Bog    Tmut/Pois      0%         N/A       100%        6
 Starburst                Conj/Fire      0%         6d3       100%        6
 Statue Form              Tmut/Erth      0%         N/A       100%        6
 Dragon Form              Tmut           0%         N/A       100%        7
 Monstrous Menagerie      Summ           0%         N/A       100%        7
 Storm Form               Tmut/Air       0%         N/A       100%        7
 Ignition                 Fire           0%         3d3       100%        8
 Maxwell's Capacitive Co  Air            0%         โˆž       100%        8
 Dragon's Call            Summ           0%         N/A       100%        9
 Animate Dead             Necr           Unusable   N/A       N/A         4

Inventory:

Hand Weapons
 f - the +7 long sword "Ahouniw" {flame, Fly rF- Dex+3 Stlth+}
   (You bought it in a shop on level 2 of the Orcish Mines)

   It burns those it strikes, dealing additional fire damage.
   Big, fiery blades are also staple armaments of hydra-hunters.
   Dex:       It affects your dexterity (+3).
   rF:        It makes you vulnerable to fire.
   Fly:       It grants you flight.
   Stlth:     It makes you more stealthy.
 v - the +7 triple sword of Wisdom (weapon) {venom, rElec Dex+4 SInv}
   (You bought it in a shop on level 5 of the Dungeon)

   It poisons the flesh of those it strikes.
   Dex:       It affects your dexterity (+4).
   rElec:     It insulates you from electricity.
   SInv:      It lets you see invisible.
 J - a +3 double sword of draining
   (You took it off Urug on level 10 of the Dungeon)
Missiles
 d - 9 throwing nets
 e - 16 javelins (quivered)
Armour
 a - the +3 pair of mountain boots (melded) {steadfast, rC+}
   (You bought it in a shop on level 12 of the Dungeon)

   It prevents involuntary movement, except for blinking, teleportation, or
   banishment.
   rC:        It protects you from cold.
 p - a +2 pair of gloves (melded)
   (You found it on level 2 of the Dungeon)
 r - the +1 cloak of Ylehamy (melded) {Drain rPois MP+9 SInv}
   (You found it on level 4 of the Lair of Beasts)

   rPois:     It protects you from poison.
   MP:        It affects your magic capacity (+9).
   SInv:      It lets you see invisible.
   Drain:     It drains your maximum health when unequipped.
 u - the +9 plate armour "Aneduleh" (melded) {+Inv rF+ Dex+4}
   (You bought it in a shop on level 5 of the Lair of Beasts)

   Dex:       It affects your dexterity (+4).
   rF:        It protects you from fire.
   +Inv:      It lets you turn invisible.
Jewellery
 b - a ring of resist corrosion (left branch)
   (You took it off a human on level 13 of the Dungeon)
 s - a +4 ring of protection (right branch)
   (You found it on level 3 of the Dungeon)
 A - a +6 ring of dexterity
   (You found it on level 1 of the Vaults)
 Z - the amulet "Julorgh" (around neck) {Reflect rElec rC+ Int-2 Dex+2 SH+5}
   (You bought it in a shop on level 4 of the Spider Nest)

   [amulet of reflection]

   It reflects blocked missile attacks.
   Int:       It affects your intelligence (-2).
   Dex:       It affects your dexterity (+2).
   rC:        It protects you from cold.
   rElec:     It insulates you from electricity.
   SH:        It affects your SH (+5).
Wands
 m - a wand of mindburst (13)
   (You found it on level 10 of the Dungeon)
 B - a wand of acid (15)
   (You found it on level 6 of the Dungeon)
 E - a wand of flame (35)
   (You found it on level 7 of the Dungeon)
 G - a wand of roots (24)
   (You took it off an orc on level 8 of the Dungeon)
 I - a wand of charming (19)
   (You found it on level 10 of the Dungeon)
 L - a wand of digging (5)
   (You found it on level 4 of the Swamp)
 X - a wand of polymorph (8)
   (You found it on level 2 of the Swamp)
Scrolls
 c - a scroll of enchant armour
 i - 2 scrolls of amnesia
 k - 4 scrolls of poison
 l - 10 scrolls of noise
 n - a scroll of fog
 q - a scroll of enchant weapon
 w - 3 scrolls of immolation
 y - 11 scrolls of teleportation
 F - 2 scrolls of silence
 K - 2 scrolls of summoning
 N - 2 scrolls of torment
 P - 9 scrolls of identify
 U - 2 scrolls of fear
 V - 5 scrolls of magic mapping
 Y - a scroll of brand weapon
Potions
 g - 9 potions of attraction
 h - a potion of berserk rage
 o - 9 potions of curing
 t - a potion of lignification
 x - a potion of heal wounds
 z - 6 potions of magic
 D - 4 potions of resistance
 H - 2 potions of cancellation
 M - 4 potions of flight
 O - 5 potions of mutation
 R - 3 potions of brilliance
 W - 5 potions of ambrosia

Dungeon Overview and Level Annotations

Branches:
Dungeon (15/15) Zot: 25889  Temple (1/1) D:5 Zot: 5771    Lair (5/5) D:10 Zot: 21244
  Swamp (4/4) Lair:3 Zot: 16521  Spider (4/4) Lair:3 Zot: 15842   Slime (0/5) Lair:5
    Orc (2/2) D:12 Zot: 9651     Elf (0/3) Orc:2        Vaults (2/5) D:13 Zot: 8385
 Depths (0/4) D:15
  Crypt: Vaults:2-3

Altars:
Ashenzari
Cheibriados
Dithmenos
Fedhas
Gozag
Hepliaklqana
Kikubaaqudgha
Makhleb
Nemelex Xobeh
Okawaru
Qazlal
Ru
Sif Muna
Trog
Uskayaw
Vehumet
Wu Jian
Xom
Yredelemnul
Jiyva

Shops:
D:5 (   D:12 [   D:14 [   Orc:1 *   Orc:2 ?=(=   Lair:5 =*   Swamp:1 [
Spider:4 *   Vaults:1 (

Annotations:
D:4 2 runed translucent doors, Crazy Yiuf; HilariousDeathArtist's ghost, amateur MiBr
D:7 exclusion: 2 goblins
D:8 1 runed translucent door
Lair:5 exclusion: obsidian statue
Vaults:2 Mennas

#.#...#..$#.##.9...#
............ppp...# $
#...#...#{TppT...#
##.###.###p#p....# .
..#...#...#pp#.....#c.
.....O.ยงpccp{'3.c..'c.
.#...#pc.#{##c....#O
#.###A#####.....# ..
#..โ™ฃ# #p....#
#.....## #.....#
####### #.....# #.....#
#.....# ......# ......#


You could see Mennas (silencing, very poisoned), an ironbound preserver, a vault
warden, an ironbound thunderhulk (unsilenced, very poisoned) and a yaktaur
captain.


Message History

Mennas gestures at you.
Mennas gestures frantically.
You feel momentarily confused.
The ironbound thunderhulk is distracted by your dazzling golden aura.
The ironbound thunderhulk shouts! ๐Ÿ˜ฑ HP[+1] Unknown command.
Mennas blocks your attack.
Mennas hits you with a +0 eudemon blade of holy wrath.
* * * LOW HITPOINT WARNING * * *
You convulse.
* * * LOW HITPOINT WARNING * * *
Mennas hits you with a +0 eudemon blade of holy wrath!
* * * LOW HITPOINT WARNING * * *
You convulse!
* * * LOW HITPOINT WARNING * * *
๐Ÿ˜ฑ HP[-37] MP[-1]
You take 37 damage, and now have 52/388 hp.
You lost 1 mp, and now have 2/17 mp.
Mennas blocks your attack.
The ironbound thunderhulk is no longer distracted by gold.
Mennas hits you with a +0 eudemon blade of holy wrath.
* * * LOW HITPOINT WARNING * * *
You convulse.
* * * LOW HITPOINT WARNING * * *
Mennas hits you but does no damage.
Electricity crackles from the ironbound thunderhulk's apparatus.
The bolt of lightning hits you!! You resist.
* * * LOW HITPOINT WARNING * * *
The ironbound preserver casts a spell.
The ironbound preserver is healed somewhat.
The yaktaur is distracted by your dazzling golden aura.
The yaktaur shouts! ๐Ÿ˜ฑ HP[-21]
You take 21 damage, and now have 31/388 hp.
Unknown command.
You slice Mennas!!
Mennas looks as sick as possible!
Mennas gestures frantically.
You feel momentarily confused. Mennas blocks your attack.
Mennas gestures frantically.
You feel momentarily confused.
You slash Mennas! Mennas hits you but does no damage.
You block Mennas's attack. ๐Ÿ˜ฑ HP[+1] Unknown command.
Unknown command.
You completely miss Mennas. Mennas hits you but does no damage. x2
Mennas blocks your attack.
Electricity crackles from the ironbound thunderhulk's apparatus.
The bolt of lightning hits you. You resist.
* * * LOW HITPOINT WARNING * * *
Mennas hits you with a +0 eudemon blade of holy wrath.
* * * LOW HITPOINT WARNING * * *
You convulse.
Mennas hits you but does no damage. ๐Ÿ˜ฑ HP[-6] MP[-1]
You take 6 damage, and now have 26/388 hp.
You lost 1 mp, and now have 1/17 mp.
Mennas blocks your attack.
Unknown command.
Mennas blocks your attack.
Your icy envelope is restored.
Mennas gestures frantically.
Mennas's surroundings become eerily quiet. ๐Ÿ˜ฑ HP[+1] Mennas blocks your attack.
Mennas hits you with a +0 eudemon blade of holy wrath.
* * * LOW HITPOINT WARNING * * *
You convulse.
* * * LOW HITPOINT WARNING * * *
Mennas hits you but does no damage.
Strange energies crackle from the ironbound thunderhulk's apparatus.
The ironbound thunderhulk blinks! ๐Ÿ˜ฑ HP[-5]
You take 5 damage, and now have 22/388 hp.
You miss Mennas. Mennas hits you but does no damage.
Mennas hits you with a +0 eudemon blade of holy wrath!
* * * LOW HITPOINT WARNING * * *
You convulse.
* * * LOW HITPOINT WARNING * * *
๐Ÿ˜ฑ HP[-12] MP[-1]
You take 12 damage, and now have 10/388 hp.
You lost 1 mp, and now have 0/17 mp.
Mennas blocks your attack. You block Mennas's attack.
Mennas hits you with a +0 eudemon blade of holy wrath.
* * * LOW HITPOINT WARNING * * *
You convulse.
* * * LOW HITPOINT WARNING * * *
๐Ÿ˜ฑ HP[-3]
You take 3 damage, and now have 7/388 hp.
Unknown command.
Unknown command.
Mennas blocks your attack.
You are no longer berserk.
You are exhausted.
You feel yourself slow down. You block Mennas's attack.
Mennas hits you with a +0 eudemon blade of holy wrath!
You die...
Your body crumbles into a pile of gold.

Skill      XL: |  1  2  3  4  5  6  7  8  9 10 11 12 13 14 15 16 17 18 19 |
---------------+----------------------------------------------------------+-----
Axes           | 3 4 5 6 |  6.3
Fighting       | 3 4 5 6 8 9 10 12 13 14 16 17 18 19 20 21 | 21.4
Armour         | 1 4 6 7 9 11 12 13 14 16 17 18 19 | 19.0
Long Blades    | 2 5 7 9 10 12 13 14 15 17 18 | 18.8
Throwing       | |  1.7
Dodging        | |  2.6

Action                   |  1- 3 |  4- 6 |  7- 9 | 10-12 | 13-15 | 16-18 | 19-21 || total
-------------------------+-------+-------+-------+-------+-------+-------+-------++-------
Melee: War axe           |    54 |   111 |   150 |       |       |       |       ||   315
       Punch             |       |     2 |     3 |       |       |       |       ||     5
       Triple sword      |       |       |   115 |   433 |  1108 |  1336 |   378 ||  3370
       Long sword        |       |       |       |       |       |    16 |       ||    16
Throw: Javelin           |       |       |       |       |     5 |       |       ||     5
Invok: Call Merchant     |       |       |       |     1 |     2 |     3 |       ||     6
       Potion Petition   |       |       |       |       |     1 |     2 |     3 ||     6
  Use: Scroll            |     5 |     4 |     7 |     7 |    14 |    12 |     3 ||    52
       Potion            |     1 |       |     3 |     1 |     5 |    13 |     1 ||    24
 Stab: Distracted        |       |       |     4 |     8 |    17 |    22 |     8 ||    59
       Invisible         |       |       |       |       |       |     5 |       ||     5
       Confused          |       |       |       |       |       |     1 |       ||     1
Armor: Leather armour    |    23 |    46 |       |       |       |       |       ||    69
       Ring mail         |       |    28 |    77 |       |       |       |       ||   105
       Scale mail        |       |       |   106 |   312 |       |       |       ||   418
       Plate armour      |       |       |       |    95 |   869 |  1906 |   276 ||  3146
       Skin              |       |       |       |       |       |       |    10 ||    10
Dodge: Dodged            |    48 |    52 |   158 |   330 |   355 |   712 |   114 ||  1769
Block: Other             |    16 |    45 |   151 |   382 |   879 |  1624 |   286 ||  3383
       Reflection        |       |       |       |     2 |    17 |    29 |     7 ||    55

Levels and vault maps discovered:
D:1:      roderic_octagonal_star, layout_rooms, minmay_unequal
D:2:      layout_rooms, basic_altar, feat_on_display
D:3:      layout_loops_ring, grunt_temple_overflow_open, hangedman_glass_teeth
D:4:      layout_rooms, nicolae_uskayaw_murder_on_the_dancefloor,
          lemuel_crystal_altar, minitemple, ebering_ghost_sewer_d,
          uniq_crazy_yiuf_cottage, uniq_sigmund, uniq_blork_the_orc
D:5:      layout_basic, minmay_temple_entry_antechambers, serial_shops,
          nicolae_shop_crystal, grunt_ministairs_2
D:6:      layout_rooms, lemuel_tele_altar
D:7:      layout_basic, lemuel_doored_altar, kennysheep_okawaru_gauntlet,
          hangedman_minor_gate_pass
D:8:      layout_gridville, kennysheep_little_box, dk_yredelemnul_ordeal,
          amcnicky_altar_gilded, uniq_erica
D:9:      layout_basic, mainiacjoe_overflow_concentric_impassable
D:10:     cheibrodos_grave_circle, layout_long_grid,
          nicolae_kikubaaqudgha_miasma_corner, grunt_lair_entry_orc_guard_hut,
          gammafunk_ghost_ooze, grunt_ogre_cave, library_closet, uniq_josephine,
          uniq_urug, uniq_harold
D:11:     layout_basic, hellmonk_ghost_happy_afterlife, mrwooster_statue_mirror
D:12:     layout_long_grid, erik_orc_1, nicolae_elevator_lobby_asterisk,
          uniq_snorg
D:13:     layout_loops_ring, david_vaults_3
D:14:     layout_small_grid, infiniplex_staircase_pool_2, serial_shops,
          nicolae_shop_crystal, nicolae_sextant, grunt_gozag_statues, uniq_lodul
D:15:     grunt_enter_depths_giant_problem, layout_cave_pools, minivault_24
Temple:   hellmonk_temple_two_chambers
Lair:1:   layout_loops_ring, uniq_amaemon
Lair:2:   layout_cave_pods, hangedman_lair_unloving_vines,
          nicolae_lair_run_with_the_wolves, uniq_nergalle
Lair:3:   layout_gridlike, minmay_swamp_entry_worms,
          spider_nest_entry_funnel_web, grunt_megastairs_1, lemuel_fruit_fields
Lair:4:   layout_cave_pods, beast_lair_carwin_1
Lair:5:   due_jungle_book, layout_regular_city, nicolae_slime_entry_slimehenge,
          grunt_megastairs_3
Swamp:1:  nicolae_swamp_wrong_neighborhood, layout_falls_marsh,
          evilmike_swamp_ruin_house_4, infiniplex_staircase_pool
Swamp:2:  layout_falls_marsh, evilmike_swamp_ruin_rubble_1, swamp_pool3
Swamp:3:  layout_basic_swamp, evilmike_swamp_ruin_rubble_2, uniq_bai_suzhen,
          uniq_aizul, uniq_mara
Swamp:4:  grunt_swamp_rune_castle, layout_basic_swamp, swamp_pool3
Spider:1: layout_spider_delve
Spider:2: layout_spider_delve, nicolae_spider_undead_wolf_pack, uniq_nikola,
          uniq_kirke
Spider:3: nicolae_spider_mines_3, uniq_asterion, uniq_arachne
Spider:4: guppyfry_spider_rune, nicolae_looking_at_the_future, uniq_roxanne
Orc:1:    layout_caves, basic_altar, nicolae_shop_clearance, uniq_maurice
Orc:2:    kennysheep_orc_mage_school, layout_diamond_mine, basic_altar
Vaults:1: nicolae_vaults_network_quinsquares
          [nicolae_vaults_network_quincunx_subvault,
          nicolae_vaults_network_quincunx_subvault,
          nicolae_vaults_network_quincunx_subvault,
          nicolae_vaults_network_quincunx_subvault],
          nicolae_vaults_network_periphery, v_misc_2, door_vault, v_misc_30,
          nicolae_vaults_hallways_thing, ontoclasm_vaults_claustrophobia,
          hangedman_vaults_impose, hangedman_vaults_restitches,
          vaults_dpeg_encased_lava, layout_vaults_maze_snakey, uniq_saint_roka
Vaults:2: hangedman_vaults_restitches, hangedman_vaults_unwind,
          nicolae_vaults_triangles, nicolae_vaults_circle_grid_b,
          nicolae_vaults_c_with_doors, vaults_dpeg_diagonal, vaults_mumra_hex,
          hangedman_vaults_impose, minmay_crypt_entry_simple_corners,
          nicolae_vaults_three_branches, hangedman_vaults_cutoff,
          nicolae_vaults_specimen_jars, grunt_vaults_hallway_short,
          layout_vaults_ring, uniq_sojobo, uniq_mennas

Notes
Turn   | Place    | Note
-------+----------+-------------------------------------------
     0 | D:1      | ytrimaz the Demonspawn Gladiator began the quest for the
                  | Orb.
     0 | D:1      | Reached XP level 1. HP: 16/16 MP: 1/1
     0 | D:1      | magus.rc [v1.9.6]
   259 | D:1      | Reached skill level 3 in Axes
   263 | D:1      | Gained mutation: You are partially covered in large bone
                  | plates. (SH +4) [demonic ancestry]
   263 | D:1      | Reached XP level 2. HP: 15/23 MP: 2/2
   713 | D:2      | Gained mutation: A meltable shield of frost defends you.
                  | (SH +4) [demonic ancestry]
   713 | D:2      | Reached XP level 3. HP: 28/28 MP: 3/3
   768 | D:2      | Reached skill level 3 in Fighting
   952 | D:2      | You pick up a book of Burglary and begin reading...
   952 | D:2      | You add the spells Passwall, Ensorcelled Hibernation and
                  | Swiftness to your library.
   960 | D:2      | Gained mutation: A meltable icy envelope protects you from
                  | harm. (AC +4) [demonic ancestry]
   960 | D:2      | Reached XP level 4. HP: 35/35 MP: 4/4
  1049 | D:2      | Found an ornate altar of the Wu Jian Council.
  1345 | D:3      | Reached skill level 4 in Axes
  1398 | D:3      | Reached skill level 4 in Fighting
  1398 | D:3      | Reached XP level 5. HP: 38/42 MP: 5/5
  1691 | D:3      | Found a bloodstained altar of Trog.
  1693 | D:3      | Found a blossoming altar of Fedhas.
  2382 | D:4      | Gained mutation: You regenerate magic rapidly. [demonic
                  | ancestry]
  2382 | D:4      | Reached XP level 6. HP: 43/49 MP: 6/6
  2405 | D:4      | Noticed Sigmund
  2432 | D:4      | Killed Sigmund
  2433 | D:4      | Reached skill level 5 in Fighting
  2433 | D:4      | Reached skill level 5 in Axes
  2486 | D:4      | Found a radiant altar of Vehumet.
  2486 | D:4      | Noticed Blork the orc
  2497 | D:4      | Killed Blork the orc
  2498 | D:4      | Reached XP level 7. HP: 52/56 MP: 5/7
  2639 | D:4      | Found a hide-covered altar of Uskayaw.
  2707 | D:4      | Reached skill level 6 in Fighting
  2715 | D:4      | Found a runed translucent door.
  2781 | D:4      | Noticed HilariousDeathArtist's ghost (amateur MiBr)
  2801 | D:4      | Reached skill level 6 in Axes
  3114 | D:4      | Found a broken altar of Ashenzari.
  3115 | D:4      | Found a sparkling altar of Nemelex Xobeh.
  3269 | D:4      | Found a runed translucent door.
  3270 | D:4      | Noticed Crazy Yiuf
  3331 | D:5      | Entered Level 5 of the Dungeon
  3331 | D:5      | Found a staircase to the Ecumenical Temple.
  3356 | D:5      | Identified the +4 spear "Ciazao Quin" {protect, rElec rPois
                  | rCorr Int-2}
  3359 | Temple   | Entered the Ecumenical Temple
  3581 | Temple   | Became a worshipper of Gozag Ym Sagoz the Greedy
  3615 | D:5      | You pick up a book of Frost and begin reading...
  3615 | D:5      | You add the spells Freeze, Frozen Ramparts and Hailstorm to
                  | your library.
  3806 | D:5      | Found Avifirug's Antique Weapon Shop.
  3991 | D:5      | Identified the +0 scale mail of Nihilism {Str+4}
  4001 | D:5      | Reached skill level 1 in Armour
  4103 | D:5      | Reached XP level 8. HP: 65/65 MP: 8/8
  4175 | D:5      | Reached skill level 7 in Fighting
  4175 | D:5      | Reached skill level 2 in Armour
  4279 | D:5      | Gained mutation: Your magical capacity is low. (-10% MP)
                  | [potion of mutation]
  4279 | D:5      | Gained mutation: Your magical capacity is very low. (-20%
                  | MP) [potion of mutation]
  4279 | D:5      | Gained mutation: Your muscles are strong. (Str +4, Int/Dex
                  | -1) [potion of mutation]
  4373 | D:6      | You add the spells Gell's Gravitas, Teleport Other and
                  | Dispersal to your library.
  4567 | D:5      | Bought a slimy triple sword for 330 gold pieces
  4567 | D:5      | Identified the +7 triple sword of Wisdom {venom, rElec
                  | Dex+4 SInv} (You bought it in a shop on level 5 of the
                  | Dungeon)
  4671 | D:6      | Reached skill level 1 in Long Blades
  4671 | D:6      | Reached skill level 3 in Armour
  4736 | D:6      | Reached skill level 8 in Fighting
  4736 | D:6      | Reached skill level 2 in Long Blades
  4739 | D:6      | Reached skill level 4 in Armour
  4924 | D:6      | Found a hazy altar of Hepliaklqana.
  5031 | D:7      | Reached XP level 9. HP: 69/74 MP: 5/7
  5088 | D:7      | Reached skill level 3 in Long Blades
  5345 | D:7      | Found an iron altar of Okawaru.
  5406 | D:7      | You pick up a book of Callings and begin reading...
  5406 | D:7      | You add the spells Summon Small Mammal, Call Canine
                  | Familiar and Summon Guardian Golem to your library.
  5542 | D:7      | Found an ornate altar of the Wu Jian Council.
  5603 | D:7      | Reached skill level 5 in Armour
  5604 | D:7      | Reached skill level 4 in Long Blades
  5689 | D:8      | Reached skill level 9 in Fighting
  6238 | D:8      | Reached skill level 5 in Long Blades
  6442 | D:8      | Found a snail-covered altar of Cheibriados.
  6520 | D:8      | Found a shimmering blue altar of Sif Muna.
  6522 | D:8      | Noticed Erica
  6534 | D:8      | Killed Erica
  6535 | D:8      | Reached skill level 6 in Armour
  6535 | D:8      | Gained mutation: When hurt, damage is shared between your
                  | health and your magic reserves. [demonic ancestry]
  6535 | D:8      | Reached XP level 10. HP: 43/84 MP: 5/8
  6830 | D:8      | Found a runed translucent door.
  6859 | D:8      | Found a basalt altar of Yredelemnul.
  6893 | D:8      | Identified the +3 whip of ytrimaz's Slow Death {venom,
                  | Str-5 Dex+9 SInv}
  6958 | D:8      | HP: 15/81 [wight/+0 great sword (7)]
  7565 | D:9      | Reached skill level 10 in Fighting
  7796 | D:9      | Reached skill level 6 in Long Blades
  8158 | D:9      | Reached skill level 7 in Armour
  8922 | D:10     | Entered Level 10 of the Dungeon
  8922 | D:10     | Noticed a gargoyle
  8933 | D:10     | Killed a gargoyle
  9214 | D:10     | Reached skill level 7 in Long Blades
  9228 | D:10     | Reached XP level 11. HP: 51/92 MP: 8/8
  9249 | D:10     | Reached skill level 11 in Fighting
  9249 | D:10     | Reached skill level 8 in Armour
  9293 | D:10     | HP: 21/93 [wolf spider zombie (11)]
  9668 | D:10     | Found a staircase to the Lair.
  9685 | D:10     | You fall into a shaft and drop 1 floor!
  9689 | D:11     | Noticed scionoferis's ghost (journeyman MeBe)
  9694 | D:11     | Found a runed translucent door.
  9895 | D:10     | You pick up a book of the Sky and begin reading...
  9895 | D:10     | You add the spells Summon Lightning Spire, Storm Form and
                  | Maxwell's Capacitive Coupling to your library.
  9897 | D:10     | You pick up a book of Unlife and begin reading...
  9897 | D:10     | You add the spells Borgnjor's Vile Clutch and Death Channel
                  | to your library.
  9954 | D:10     | Noticed a two-headed ogre
  9958 | D:10     | Killed a two-headed ogre
  9959 | D:10     | Reached skill level 8 in Long Blades
 10028 | D:10     | Noticed Urug
 10029 | D:10     | Noticed Harold
 10041 | D:10     | Killed Urug
 10053 | D:10     | Killed Harold
 10054 | D:10     | Reached skill level 9 in Armour
 10444 | D:10     | Found an ancient bone altar of Kikubaaqudgha.
 10500 | D:10     | Noticed Josephine
 10509 | D:10     | Killed Josephine
 10510 | D:10     | Reached skill level 12 in Fighting
 10522 | D:10     | HP: 16/95 [wraith[Josephine] (9)]
 10991 | D:10     | Found a runed translucent gate.
 10991 | D:10     | Found a runed translucent gate.
 10991 | D:10     | Found a runed translucent gate.
 10992 | D:10     | Noticed a great orb of eyes
 10994 | D:10     | Noticed ThrustWizard's ghost (journeyman DsMo)
 11091 | D:10     | Found a viscous altar of Jiyva.
 11756 | D:11     | Killed scionoferis's ghost
 11757 | D:11     | Reached skill level 9 in Long Blades
 11757 | D:11     | Reached XP level 12. HP: 103/103 MP: 9/9
 12139 | D:12     | Noticed a boulder beetle
 12149 | D:12     | Killed a boulder beetle
 12257 | D:12     | Reached skill level 10 in Armour
 12266 | D:12     | Noticed a two-headed ogre
 12271 | D:12     | Killed a two-headed ogre
 12272 | D:12     | Noticed Snorg
 12277 | D:12     | Noticed a boulder beetle
 12283 | D:12     | Killed Snorg
 12296 | D:12     | Killed a boulder beetle
 12497 | D:12     | Noticed a boulder beetle
 12505 | D:12     | Killed a boulder beetle
 12506 | D:12     | Reached skill level 13 in Fighting
 12513 | D:12     | Bought the +3 pair of mountain boots {steadfast, rC+} for
                  | 536 gold pieces
 12513 | D:12     | Found the +3 pair of mountain boots {steadfast, rC+}
 12629 | D:12     | Noticed a boulder beetle
 12636 | D:12     | Killed a boulder beetle
 12637 | D:12     | Reached skill level 10 in Long Blades
 12698 | D:12     | Noticed a seven-headed hydra
 12707 | D:12     | Killed a 12-headed hydra
 12719 | D:12     | Identified the +1 robe of Untold Secrets {Fly rC- Regen+}
 13187 | D:12     | Found a staircase to the Orcish Mines.
 13277 | D:12     | Bought a +2 plate armour of poison resistance for 592 gold
                  | pieces
 13308 | D:13     | Noticed a two-headed ogre
 13308 | D:13     | Noticed a centaur warrior
 13308 | D:13     | Found a gate to the Vaults.
 13391 | D:12     | HP: 26/105 [poisoned by a hornet]
 13402 | D:12     | HP: 20/105 [human (3)]
 13417 | D:12     | HP: 23/105 [human (2)]
 14039 | D:13     | You pick up a book of Fire and begin reading...
 14039 | D:13     | You add the spells Fireball, Starburst and Ignition to your
                  | library.
 14111 | D:13     | Noticed a centaur warrior
 14115 | D:13     | Killed a centaur warrior
 14116 | D:13     | Reached skill level 11 in Armour
 14125 | D:13     | Reached XP level 13. HP: 106/111 MP: 10/10
 14471 | D:13     | Reached skill level 11 in Long Blades
 15000 | Lair:1   | Entered Level 1 of the Lair of Beasts
 15264 | Lair:1   | Reached skill level 14 in Fighting
 15619 | Lair:1   | Noticed Amaemon
 15626 | Lair:1   | Killed Amaemon
 16159 | Lair:2   | Noticed Nergalle
 16164 | Lair:2   | You are cast into the Abyss!
 16164 | Abyss:2  | Cast into level 2 of the Abyss (Nergalle)
 16265 | Abyss:2  | Noticed a tentacled starspawn
 16271 | Abyss:2  | Noticed a Hell Sentinel
 16272 | Abyss:2  | Noticed an Executioner
 16280 | Abyss:2  | Killed an Executioner
 16281 | Abyss:2  | Gained mutation: You do not regenerate when monsters are
                  | visible. [a neqoxec]
 16305 | Abyss:2  | Killed a tentacled starspawn
 16306 | Abyss:2  | Reached skill level 12 in Armour
 16341 | Abyss:2  | Killed a Hell Sentinel
 16422 | Abyss:2  | Noticed a green death
 16434 | Abyss:2  | HP: 23/114 [green death/poison arrow (9)]
 16435 | Abyss:2  | HP: 11/114 [green death/bolt of poison (8)]
 16436 | Abyss:2  | Killed a green death
 16441 | Lair:2   | You pass through the gate.
 16441 | Lair:2   | Escaped the Abyss
 16443 | Lair:2   | HP: 22/114 [cane toad (13)]
 16938 | Lair:2   | Reached skill level 12 in Long Blades
 17440 | Lair:2   | Reached XP level 14. HP: 121/121 MP: 11/11
 17630 | Lair:2   | Lost mutation: Your magical capacity is very low. (-20% MP)
                  | [potion of mutation]
 17630 | Lair:2   | Lost mutation: Your muscles are strong. (Str +4, Int/Dex
                  | -1) [potion of mutation]
 17630 | Lair:2   | Lost mutation: You do not regenerate when monsters are
                  | visible. [potion of mutation]
 17630 | Lair:2   | Gained mutation: You possess an exceptional clarity of
                  | mind. [potion of mutation]
 17673 | Lair:2   | Killed Nergalle
 17674 | Lair:2   | Reached skill level 15 in Fighting
 17936 | Lair:3   | Found a hole to the Spider Nest.
 18581 | Lair:3   | Found a staircase to the Swamp.
 19006 | Lair:4   | Identified the +1 cloak of Ylehamy {Drain rPois MP+9 SInv}
 19011 | Lair:4   | Identified the +5 arbalest of Impeachment {elec, Will+
                  | Str+4 Stlth+}
 19260 | Lair:4   | Reached skill level 13 in Armour
 20096 | Lair:5   | Entered Level 5 of the Lair of Beasts
 20429 | Lair:5   | Found a viscous altar of Jiyva.
 20430 | Lair:5   | Found a staircase to the Slime Pits.
 20722 | Lair:5   | Reached skill level 13 in Long Blades
 21192 | Lair:5   | Reached skill level 16 in Fighting
 22120 | Lair:5   | Gained mutation: You are mostly covered in large bone
                  | plates. (SH +6) [demonic ancestry]
 22120 | Lair:5   | Reached XP level 15. HP: 90/131 MP: 13/13
 22145 | Lair:5   | HP: 26/126 [dire elephant (7)]
 22153 | Lair:5   | HP: 29/128 [dire elephant simulacrum (5)]
 22799 | Lair:5   | Identified the +0 robe of the Thirsty Xeniums {rC+ Slay+3}
 23161 | Orc:1    | Entered Level 1 of the Orcish Mines
 23412 | Orc:1    | Found Nekade's CLEARANCE SALE!.
 23562 | Orc:1    | Noticed Maurice
 23578 | Orc:1    | Killed Maurice
 23773 | Orc:2    | Entered Level 2 of the Orcish Mines
 23788 | Orc:2    | Reached skill level 14 in Armour
 24090 | Orc:2    | Found a burning altar of Makhleb.
 24091 | Orc:2    | Found a staircase to the Elven Halls.
 24788 | Orc:2    | Paralysed by an ogre mage for 5 turns
 24843 | Orc:2    | Found a radiant altar of Vehumet.
 24843 | Orc:2    | Noticed Erolcha
 24853 | Orc:2    | Killed Erolcha
 24862 | Orc:2    | Found Tetej's Jewellery Shop.
 24866 | Orc:2    | Paralysed by an ogre mage for 2 turns
 24880 | Orc:2    | Found an ancient bone altar of Kikubaaqudgha.
 24982 | Orc:2    | Found Batwuis's Magic Scroll Shop.
 24989 | Orc:2    | Bought a scroll of teleportation for 45 gold pieces
 25108 | Orc:2    | Found Qizyacil's Antique Weapon Boutique.
 25119 | Orc:2    | Found Wyzop's Jewellery Boutique.
 25238 | Orc:2    | Bought a translucent long sword for 221 gold pieces
 25238 | Orc:2    | Identified the +7 long sword "Ahouniw" {flame, Fly rF-
                  | Dex+3 Stlth+} (You bought it in a shop on level 2 of the
                  | Orcish Mines)
 25607 | Lair:5   | Bought a diamond-encrusted plate armour for 1008 gold
                  | pieces
 25607 | Lair:5   | Identified the +9 plate armour "Aneduleh" {+Inv rF+ Dex+4}
                  | (You bought it in a shop on level 5 of the Lair of Beasts)
 25816 | D:10     | Reached skill level 14 in Long Blades
 25833 | D:10     | HP: 29/132 [very large slime creature (24)]
 25864 | D:10     | Killed ThrustWizard's ghost
 26269 | D:10     | You pick up a book of Dreams and begin reading...
 26269 | D:10     | You add the spells Spider Form and Anguish to your library.
 26456 | D:14     | Found Ymeliroh's Antique Armour Emporium.
 26595 | D:14     | Found an opulent altar of Gozag.
 27013 | D:14     | Noticed Lodul
 27033 | D:14     | Killed Lodul
 27034 | D:14     | Reached skill level 17 in Fighting
 27619 | D:15     | Entered Level 15 of the Dungeon
 28042 | D:15     | Noticed a fire giant
 28045 | D:15     | Found a staircase to the Depths.
 28088 | D:15     | Killed a fire giant
 28540 | Spider:1 | Entered Level 1 of the Spider Nest
 28564 | Spider:1 | Gained mutation: You have a pair of small antennae on your
                  | head. [demonic ancestry]
 28564 | Spider:1 | Reached XP level 16. HP: 81/141 MP: 14/14
 28569 | Spider:1 | Reached skill level 15 in Armour
 28581 | Spider:1 | HP: 34/141 [jumping spider (7)]
 29640 | Spider:2 | Reached skill level 15 in Long Blades
 30139 | Spider:2 | Noticed Nikola
 30156 | Spider:2 | Killed Nikola
 30158 | Spider:2 | HP: 29/143 [Nikola the human simulacrum (20)]
 30251 | Spider:2 | Noticed Kirke
 30264 | Spider:2 | Killed Kirke
 30495 | Spider:2 | Reached skill level 18 in Fighting
 31078 | Spider:3 | Noticed Arachne
 31084 | Spider:3 | Identified the +1 kite shield of Sin {+Inv}
 31084 | Spider:3 | Noticed Asterion
 31110 | Spider:2 | Killed Arachne
 31111 | Spider:2 | HP: 33/143 [demonic crawler (6)]
 31116 | Spider:2 | HP: 30/143 [poisoned by Arachne]
 31643 | Spider:2 | HP: 35/143 [poisoned by a redback]
 32049 | Spider:2 | HP: 35/143 [poisoned by a redback]
 32054 | Spider:2 | HP: 31/143 [poisoned by a redback]
 32423 | Spider:3 | Noticed an Executioner
 32690 | Spider:3 | Noticed an Executioner
 32690 | Spider:3 | Killed Asterion
 33190 | Spider:4 | Entered Level 4 of the Spider Nest
 33234 | Spider:3 | Reached skill level 16 in Armour
 33837 | Spider:4 | Gained mutation: You have a pair of antennae on your head.
                  | [demonic ancestry]
 33837 | Spider:4 | Reached XP level 17. HP: 134/151 MP: 15/15
 33992 | Spider:4 | Reached skill level 16 in Long Blades
 34512 | Spider:4 | HP: 35/151 [redback (5)]
 34528 | Spider:4 | HP: 30/151 [meliai/divine providence (8)]
 34535 | Spider:4 | HP: 21/151 [meliai/divine providence (5)]
 34963 | Spider:4 | Reached skill level 19 in Fighting
 35247 | Spider:4 | Noticed Roxanne
 35272 | Spider:4 | Killed Roxanne
 35274 | Spider:4 | You pick up a book of the Earth and begin reading...
 35274 | Spider:4 | You add the spells Leda's Liquefaction, Lee's Rapid
                  | Deconstruction and Statue Form to your library.
 35780 | Spider:4 | Got a gossamer rune of Zot
 36590 | Spider:4 | Bought a smoking steel amulet for 155 gold pieces
 36590 | Spider:4 | Identified the amulet "Julorgh" {Reflect rElec rC+ Int-2
                  | Dex+2 SH+5} (You bought it in a shop on level 4 of the
                  | Spider Nest)
 36590 | Spider:4 | Bought a potion of heal wounds for 155 gold pieces
 36590 | Spider:4 | Bought a potion of curing for 93 gold pieces
 36727 | Swamp:1  | Entered Level 1 of the Swamp
 36954 | Swamp:1  | Paralysed by a fenstrider witch for 5 turns
 36961 | Swamp:1  | HP: 31/153 [??? (20)]
 37414 | Swamp:1  | HP: 38/153 [thorn hunter (5)]
 37456 | Swamp:1  | HP: 38/153 [swamp worm/harpoon shot (15)]
 38171 | Swamp:1  | Reached skill level 17 in Armour
 38235 | Swamp:1  | Bought a polished plate armour for 868 gold pieces
 38235 | Swamp:1  | Identified the +1 plate armour of Inviolability {rF+} (You
                  | bought it in a shop on level 1 of the Swamp)
 38294 | Swamp:2  | HP: 22/153 [swamp worm (17)]
 38300 | Swamp:2  | HP: 38/153 [alligator (5)]
 39469 | Swamp:3  | Noticed Mara
 39659 | Swamp:3  | Noticed ytrimaz's illusion
 39863 | Swamp:3  | Reached skill level 17 in Long Blades
 39868 | Swamp:3  | Noticed ytrimaz's illusion
 39886 | Swamp:3  | HP: 38/153 [poisoned by ytrimaz's illusion]
 39886 | Swamp:3  | HP: 17/153 [ytrimaz's illusion (illusionary)[Mara] (21)]
 39892 | Swamp:3  | Killed Mara
 39893 | Swamp:3  | Reached XP level 18. HP: 49/162 MP: 6/16
 40301 | Swamp:3  | Noticed Bai Suzhen
 40314 | Swamp:3  | HP: 34/162 [spriggan rider/+0 spear[a spriggan druid] (12)]
 40335 | Swamp:2  | Killed Bai Suzhen
 40896 | Swamp:3  | Noticed Aizul
 40914 | Swamp:3  | Killed Aizul
 41794 | Swamp:4  | Entered Level 4 of the Swamp
 41827 | Swamp:4  | HP: 33/162 [something (8)]
 41832 | Swamp:4  | HP: 19/162 [poison]
 41837 | Swamp:3  | HP: 16/162 [poison]
 42414 | Swamp:4  | Reached skill level 20 in Fighting
 42426 | Swamp:4  | HP: 38/162 [bog body (9)]
 42430 | Swamp:4  | Noticed the 27-headed Lernaean hydra
 42431 | Swamp:4  | HP: 24/162 [eight-headed hydra (1)]
 42436 | Swamp:4  | HP: 25/162 [poisoned by a swamp dragon (blast of poison)]
 43838 | Swamp:4  | Killed the 22-headed Lernaean hydra
 43945 | Swamp:4  | You pick up a book of Beasts and begin reading...
 43945 | Swamp:4  | You add the spells Summon Ice Beast, Summon Mana Viper and
                  | Monstrous Menagerie to your library.
 43948 | Swamp:4  | Got a decaying rune of Zot
 43964 | Swamp:4  | You pick up a book of the Dragon and begin reading...
 43964 | Swamp:4  | You add the spells Cause Fear, Dragon Form and Dragon's
                  | Call to your library.
 44093 | Swamp:4  | You add the spells Shock, Sting, Freezing Cloud and
                  | Eringya's Noxious Bog to your library.
 44093 | Swamp:4  | Got the Almanac of the Guilds
 44659 | Vaults:1 | Entered Level 1 of the Vaults
 44726 | Vaults:1 | Reached skill level 18 in Armour
 45352 | Vaults:1 | Found a huge runed gate.
 45352 | Vaults:1 | Found a huge runed gate.
 45352 | Vaults:1 | Found a huge runed gate.
 45353 | Vaults:1 | Found a huge runed gate.
 45353 | Vaults:1 | Found a huge runed gate.
 45354 | Vaults:1 | Found a huge runed gate.
 45354 | Vaults:1 | Found a huge runed gate.
 45355 | Vaults:1 | Found a huge runed gate.
 45355 | Vaults:1 | Found a huge runed gate.
 45708 | Vaults:1 | Reached skill level 18 in Long Blades
 45906 | Vaults:1 | Noticed Saint Roka
 45926 | Vaults:1 | Killed Saint Roka
 45960 | Vaults:1 | Reached XP level 19. HP: 84/170 MP: 17/17
 46281 | Vaults:1 | Found a huge runed gate.
 46282 | Vaults:1 | Found a huge runed gate.
 46282 | Vaults:1 | Found a huge runed gate.
 46283 | Vaults:1 | Found a huge runed gate.
 46284 | Vaults:1 | Found a huge runed gate.
 46285 | Vaults:1 | Found a huge runed gate.
 46286 | Vaults:1 | Found a huge runed gate.
 46294 | Vaults:1 | Found a huge runed gate.
 46294 | Vaults:1 | Found a huge runed gate.
 46294 | Vaults:1 | Found a huge runed gate.
 46294 | Vaults:1 | Found a huge runed gate.
 46294 | Vaults:1 | Found a huge runed gate.
 46294 | Vaults:1 | Found a huge runed gate.
 46295 | Vaults:1 | Found a huge runed gate.
 46296 | Vaults:1 | Found a huge runed gate.
 46297 | Vaults:1 | Found a huge runed gate.
 46340 | Vaults:1 | You are cast into the Abyss!
 46340 | Abyss:2  | Cast into level 2 of the Abyss (a deep elf sorcerer)
 46371 | Abyss:2  | Noticed a bone dragon
 46391 | Abyss:2  | Killed a bone dragon
 46687 | Abyss:2  | Found a corrupted altar of Lugonu.
 46900 | Abyss:2  | Paralysed by a floating eye for 2 turns
 46909 | Abyss:2  | Noticed a bone dragon
 46935 | Abyss:2  | Killed a bone dragon
 46965 | Abyss:2  | HP: 42/171 [thrashing horror (4)]
 46969 | Abyss:2  | Reached skill level 21 in Fighting
 47003 | Vaults:1 | You pass through the gate.
 47003 | Vaults:1 | Escaped the Abyss
 47041 | Vaults:1 | Paralysed by a sphinx for 3 turns
 47042 | Vaults:1 | HP: 42/172 [war gargoyle/+0 dire flail (8)]
 48890 | Vaults:2 | Reached skill level 19 in Armour
 48939 | Vaults:2 | Noticed a curse skull
 48943 | Vaults:2 | Noticed Mennas
 48964 | Vaults:2 | HP: 60/259 [ironbound thunderhulk/bolt of lightning (7)]
 48969 | Vaults:2 | Killed a curse skull
 48971 | Vaults:2 | HP: 53/259 [Mennas/+0 eudemon blade of holy wrath (9)]
 48980 | Vaults:2 | HP: 28/388 [ironbound thunderhulk/bolt of lightning (5)]
 48984 | Vaults:2 | HP: 13/388 [Mennas/+0 eudemon blade of holy wrath (10)]
 48986 | Vaults:2 | Slain by Mennas

Vanquished Creatures
  Mara (Swamp:3)
  the Lernaean hydra (Swamp:4)
  Bai Suzhen (Swamp:2)
  Saint Roka (Vaults:1)
  Nikola (Spider:2)
  Arachne (Spider:2)
  2 bone dragons (Abyss:2)
  A Hell Sentinel (Abyss:2)
  A lich (Abyss:2)
  Asterion (Spider:3)
  2 tentacled starspawn (Abyss:2)
  An Executioner (Abyss:2)
  2 sphinxes
  A thorn hunter (Swamp:1)
  2 tengu reavers
  Kirke (Spider:2)
  3 fenstrider witches
  A fire giant (D:15)
  Roxanne (Spider:4)
  A frost giant (Vaults:1)
  5 emperor scorpions
  Aizul (Swamp:3)
  2 deep elf sorcerers (Vaults:1)
  A vault warden (Vaults:1)
  4 ghost moths (Spider:4)
  4 very ugly things (Vaults:1)
  3 broodmothers (Spider:4)
  A curse skull (Vaults:2)
  5 ironbound preservers (Vaults:1)
  A war gargoyle (Vaults:1)
  A stone giant (Vaults:1)
  7 dire elephants
  6 eleionomae
  A lorocyproca (Abyss:2)
  4 spark wasps
  2 bunyips (Swamp:3)
  7 entropy weavers
  The ghost of scionoferis the Severer, a journeyman MeBe of Trog (D:11)
  Snorg (D:12)
  A green death (Abyss:2)
  A shambling mangrove (Swamp:1)
  5 yaktaur captains
  A great orb of eyes (D:10)
  Josephine (D:10)
  3 deep elf high priests (Vaults:1)
  18 hydras
  Erolcha (Orc:2)
  The ghost of ThrustWizard the Carver, a journeyman DsMo of Ashenzari (D:10)
  3 ogre magi
  Harold (D:10)
  A jorogumo (Spider:1)
  9 boulder beetles
  2 ghost crabs (Swamp:1)
  10 centaur warriors
  Erica (D:8)
  A catoblepas (Lair:3)
  A radroach (Spider:3)
  5 alligators
  3 two-headed ogres
  4 ironbound frosthearts
  2 tengu warriors
  9 death yaks
  An orc high priest (Orc:2)
  Urug (D:10)
  A deep troll earth mage (Vaults:1)
  A thrashing horror (Abyss:2)
  A spectral dire elephant (Lair:5)
  7 large abominations (Abyss:2)
  Nergalle (Lair:2)
  Amaemon (Lair:1)
  A shadow wraith (Abyss:2)
  A sixfirhy (Abyss:2)
  A wretched star (Abyss:2)
  Lodul (D:14)
  6 pharaoh ants
  8 orb spiders
  22 deep trolls (Vaults:1)
  3 goliath frogs
  A spectral anaconda (Lair:5)
  A glowing orange brain (shapeshifter) (Vaults:1)
  2 glowing orange brains
  4 wizards
  11 bog bodies
  5 spriggan druids
  3 deep elf pyromancers
  11 swamp dragons
  3 steelbarb worms (Spider:4)
  3 necromancers (Lair:5)
  26 wolf spiders
  4 spectral wolf spiders (Spider:2)
  2 orc knights
  7 ironbound convokers
  6 wolf spider zombies
  29 ugly things
  A cyclops (D:14)
  8 orc sorcerers
  7 will-o-the-wisps
  A manticore (D:15)
  24 slime creatures
  A black mamba (shapeshifter) (D:14)
  4 moths of wrath
  A centaur zombie (D:10)
  A dire elephant zombie (Lair:5)
  16 elephants (Lair:5)
  Maurice (Orc:1)
  A stone giant skeleton (Abyss:2)
  6 vault sentinels
  3 torpor snails
  6 black mambas
  2 orange demons
  2 centaur skeletons (D:10)
  4 gargoyles
  A freezing wraith (Abyss:2)
  5 cane toads
  A dire elephant skeleton (Lair:5)
  An unseen horror (Abyss:2)
  A rime drake (Lair:3)
  2 komodo dragons (shapeshifter)
  An efreet (D:12)
  8 yaktaurs
  8 komodo dragons
  A tengu conjurer (D:15)
  2 hellwings (D:10)
  6 demonic crawlers
  2 ancient zymes (Abyss:2)
  7 trolls
  3 meliai (Spider:4)
  31 tarantellas
  2 polar bears
  A queen bee (Spider:4)
  3 wolf spider simulacra (Spider:2)
  8 hornets
  16 raiju (Abyss:2)
  7 tyrant leeches
  25 blink frogs
  2 small abominations (Abyss:2)
  Sigmund (D:4)
  A meliai zombie (D:10)
  6 flying skulls (Abyss:2)
  21 culicivoras
  34 jumping spiders
  A centaur simulacrum (D:14)
  5 ynoxinuls (Abyss:2)
  4 shadows
  9 spriggans
  7 wraiths
  4 wyverns
  A culicivora (shapeshifter) (D:14)
  2 hogs (Spider:2)
  16 humans
  34 yaks
  A neqoxec (Abyss:2)
  3 basilisks
  2 chaos spawn (Abyss:2)
  45 redbacks
  3 steam dragons
  10 vampire mosquitoes
  A death yak simulacrum (Lair:5)
  3 acid dragons
  15 swamp worms
  4 wargs
  7 water moccasins
  A floating eye (shapeshifter) (Abyss:2)
  A sky beast (D:7)
  9 swamp drakes
  A black bear (shapeshifter) (Abyss:2)
  23 orc warriors
  An ice beast (D:6)
  14 ogres
  6 centaurs
  3 elephant zombies (Lair:5)
  8 wolves
  An elephant skeleton (Lair:5)
  4 phantoms
  A kobold brigand (D:7)
  Blork the orc (D:4)
  3 scorpions
  12 bullfrogs
  2 cane toad simulacra (Lair:5)
  19 wights
  27 killer bees
  An elephant simulacrum (Lair:5)
  4 howler monkeys
  2 electric eels (Lair:3)
  A quasit (Abyss:2)
  5 hounds
  2 gnoll boudas
  20 orc priests
  7 jellies
  4 iguanas
  40 orc wizards
  A human skeleton (D:8)
  A boggart zombie (D:10)
  15 gnolls
  6 adders
  5 shadow imps
  2 worms (D:2)
  3 dart slugs
  82 orcs
  9 endoplasms
  3 giant cockroaches (D:2)
  2 goblins
  4 hobgoblins
  4 ball pythons
  6 bats
  6 frilled lizards
  11 kobolds
  7 rats
  A briar patch (Swamp:1)
  A butterfly (Lair:3)
  A starspawn tentacle (Abyss:2)
1208 creatures vanquished.

Vanquished Creatures (collateral kills)
  An eleionoma (Swamp:2)
  An alligator (Swamp:2)
  An orb spider (Spider:4)
  A bog body (Swamp:2)
  A will-o-the-wisp (Swamp:2)
  2 demonic crawlers (Spider:4)
  2 tarantellas (Spider:4)
  3 meliai (Spider:4)
  A hornet (Swamp:3)
  A tyrant leech (Swamp:3)
  A spriggan (Swamp:3)
  A culicivora (Spider:4)
  A redback (Spider:4)
  3 swamp worms (Swamp:2)
20 creatures vanquished.

Vanquished Creatures (others)
  A wizard (Vaults:1)
  A hornet (Swamp:3)
  2 raiju (Abyss:2)
  A large abomination (Abyss:2)
  A yak (D:10)
  A basilisk (D:13)
  2 humans (Spider:2)
  A swamp drake (Swamp:4)
  An orc (D:12)
  A briar patch (Swamp:1)
  46 foxfires
  19 fungi
  87 plants
  5 starspawn tentacles (Abyss:2)
  20 withered plants
189 creatures vanquished.

Grand Total: 1417 creatures vanquished

Table legend:
 A = Non-vault XP
 B = Vault XP
 C = Vault XP percentage of total XP
 D = Non-vault monster count
 E = Vault monster count
 F = Vault count percentage of total count
                 A         B        C        D         E       F
            +---------+---------+-------+---------+---------+-------
      Total |  268271 |  177068 |  39.8 |     845 |     382 |  31.1
            +---------+---------+-------+---------+---------+-------
        D:1 |      16 |       9 |  36.0 |      11 |       6 |  35.3
        D:2 |      98 |       0 |   0.0 |      21 |       0 |   0.0
        D:3 |     177 |       0 |   0.0 |      16 |       0 |   0.0
        D:4 |     383 |     341 |  47.1 |      23 |       2 |   8.0
        D:5 |     507 |      88 |  14.8 |      16 |       2 |  11.1
        D:6 |    1087 |       0 |   0.0 |      28 |       0 |   0.0
        D:7 |     533 |     767 |  59.0 |      10 |       7 |  41.2
        D:8 |    1842 |     871 |  32.1 |      27 |       2 |   6.9
        D:9 |    1910 |       0 |   0.0 |      25 |       0 |   0.0
       D:10 |    4188 |    9771 |  70.0 |      21 |      31 |  59.6
       D:11 |    1861 |     961 |  34.1 |      10 |       1 |   9.1
       D:12 |    9865 |    2675 |  21.3 |      23 |      23 |  50.0
       D:13 |    4818 |    4425 |  47.9 |      14 |      14 |  50.0
       D:14 |   11250 |    1824 |  14.0 |      22 |      10 |  31.2
       D:15 |   10951 |    1281 |  10.5 |      24 |       1 |   4.0
     Lair:1 |    1354 |    1195 |  46.9 |       7 |       2 |  22.2
     Lair:2 |    5597 |    2543 |  31.2 |      22 |       8 |  26.7
     Lair:3 |    4148 |    2186 |  34.5 |      15 |       9 |  37.5
     Lair:4 |    2333 |    5175 |  68.9 |       9 |       7 |  43.8
     Lair:5 |   14926 |   14171 |  48.7 |      39 |      40 |  50.6
    Swamp:1 |   11599 |    2815 |  19.5 |      21 |       3 |  12.5
    Swamp:2 |   14897 |    2975 |  16.6 |      26 |       1 |   3.7
    Swamp:3 |   13614 |    5384 |  28.3 |      29 |       2 |   6.5
    Swamp:4 |    8644 |   22672 |  72.4 |      14 |      32 |  69.6
   Spider:1 |   13215 |       0 |   0.0 |      43 |       0 |   0.0
   Spider:2 |   10483 |   14932 |  58.8 |      31 |      22 |  41.5
   Spider:3 |   11565 |    4018 |  25.8 |      31 |      10 |  24.4
   Spider:4 |   26390 |   24813 |  48.5 |      58 |      53 |  47.7
      Orc:1 |    2360 |     449 |  16.0 |      31 |       1 |   3.1
      Orc:2 |    3912 |    7035 |  64.3 |      50 |      34 |  40.5
   Vaults:1 |   30648 |   36509 |  54.4 |      47 |      49 |  51.0
   Vaults:2 |   11746 |    7183 |  37.9 |      15 |      10 |  40.0
    Abyss:2 |   31354 |       0 |   0.0 |      66 |       0 |   0.0
            +---------+---------+-------+---------+---------+-------

Illustrated notes

Table legend:
 A = Kills in this place as a percentage of kills in entire the game.
 B = Kills by you in this place as a percentage of kills by you in the entire game.
 C = Kills by friends in this place as a percentage of kills by friends in the entire game.
 D = Other kills in this place as a percentage of other kills in the entire game.
 E = Experience gained in this place as a percentage of experience gained in the entire game.
 F = Experience gained in this place divided by the number of levels of this place that you have seen.
                   A       B       C       D       E      F
               +-------+-------+-------+-------+-------+----------------------
         Total | 100.0 | 100.0 | 100.0 | 100.0 | 100.0 | 12724.0
       Dungeon |  31.8 |  32.3 |   0.0 |  50.0 |  16.3 | 4833.3
          Lair |  12.9 |  13.1 |   0.0 |   0.0 |  12.0 | 10725.6
         Swamp |  10.4 |   9.8 |  50.0 |   0.0 |  18.5 | 20650.0
   Spider Nest |  20.2 |  19.8 |  50.0 |   0.0 |  23.7 | 26354.0
  Orcish Mines |   9.5 |   9.6 |   0.0 |   0.0 |   3.1 | 6878.0
        Vaults |   9.9 |  10.0 |   0.0 |  50.0 |  19.3 | 43043.0
         Abyss |   5.4 |   5.5 |   0.0 |   0.0 |   7.0 | 15677.0
               +-------+-------+-------+-------+-------+----------------------

Table legend: (Time is in decaauts)
 A = Elapsed time spent in this place.
 B = Non-inter-level travel time spent in this place.
 C = Inter-level travel time spent in this place.
 D = Time resting spent in this place.
 E = Time spent auto-exploring this place.
 F = Levels seen in this place.
 G = Mean time per level.
                   A        B        C        D        E       F      G
               +--------+--------+--------+--------+--------+-----+--------+
         Total |  49836 |  46485 |   3351 |   5286 |  32221 |  35 | 1423.9 |
       Dungeon |  18322 |  16922 |   1400 |    641 |  13017 |  15 | 1221.5 |
        Temple |    228 |    223 |      5 |      0 |    218 |   1 |  228.0 |
          Lair |   8754 |   7656 |   1098 |    736 |   5696 |   5 | 1750.8 |
         Swamp |   7478 |   7286 |    192 |   1515 |   4643 |   4 | 1869.5 |
   Spider Nest |   8157 |   7879 |    278 |   2139 |   4269 |   4 | 2039.2 |
  Orcish Mines |   2348 |   2101 |    247 |      1 |   1557 |   2 | 1174.0 |
        Vaults |   3612 |   3482 |    130 |     81 |   2530 |   2 | 1806.0 |
         Abyss |    933 |    933 |      0 |    172 |    291 |   2 |  466.5 |
               +--------+--------+--------+--------+--------+-----+--------+

Top non-repeatable levels by time:
Vaults:1: 3301 daAuts
Spider:2: 3009 daAuts
  Lair:5: 2984 daAuts
    D:10: 2615 daAuts
    D:12: 2305 daAuts
Spider:4: 2262 daAuts
 Swamp:2: 2023 daAuts
 Swamp:4: 1976 daAuts
 Swamp:3: 1846 daAuts
Spider:3: 1808 daAuts
  Lair:2: 1754 daAuts
   Orc:2: 1720 daAuts
     D:9: 1699 daAuts
     D:8: 1682 daAuts
 Swamp:1: 1632 daAuts
